 Dungeon Crawl Stone Soup version 0.18-a0-1435-gee79d65 (webtiles) character file.

168 M4edhros the Vandal (level 5, -1/34 HPs)
             Began as an Octopode Hunter on Feb 29, 2016.
             Was an Initiate of Gozag.
             Slain by an ogre
             ... wielding a +0 giant club
              (21 damage)
             ... on level 4 of the Dungeon.
             The game lasted 00:02:16 (3080 turns).

M4edhros the Vandal (Octopode Hunter)               Turns: 3080, Time: 00:02:17

Health: -1/34      AC:  1    Str: 12    XL:     5   Next: 48%
Magic:  5/5        EV: 14    Int: 13    God:    Gozag
Gold:   346        SH:  0    Dex: 13    Spells: 0 memorised, 4 levels left

rFire  + . .     SeeInvis .     h - +3 quarterstaff (chaos)
rCold  . . .     Gourm    .     (shield currently unavailable)
rNeg   . . .     Faith    .     (helmet restricted)
rPois  .         Spirit   .     (no amulet)
rElec  .         Dismiss  .     p - ring of protection from fire
rCorr  .         Reflect  .     (no ring)
SustAt .         Harm     .     (no ring)
MR     .....                    (no ring)
Stlth  +++.......               (no ring)
                                (no ring)
                                (no ring)
                                (no ring)

@: not resistant to hostile enchantments, fairly stealthy
A: almost no armour, amphibious, 8 rings, constrict 8, camouflage 1, gelatinous
body 1
a: Potion Petition, Call Merchant, Bribe Branch, Renounce Religion


You were on level 4 of the Dungeon.
You worshipped Gozag.
Gozag was noncommittal.
You were near starving.

You visited 1 branch of the dungeon, and saw 4 of its levels.

You collected 386 gold pieces.
You paid 40 gold pieces to Gozag.

Inventory:

Hand Weapons
 a - a +1 hunting sling
 b - a +0 short sword
 h - a +3 quarterstaff of chaos (weapon)
Missiles
 c - 13 sling bullets
 k - 113 stones (quivered)
Jewellery
 p - a ring of protection from fire (left tentacle)
Scrolls
 e - a scroll of blinking {unknown}
 f - a scroll of fear {unknown}
 i - 5 scrolls of identify {unknown}
 j - a scroll of fog {unknown}
 l - a scroll of enchant weapon {unknown}
 n - 2 scrolls of amnesia {unknown}
 q - 2 scrolls of enchant armour {unknown}
 v - a scroll of remove curse {unknown}
Potions
 g - a potion of brilliance {unknown}
 m - a potion of might {unknown}
 o - a potion of mutation {unknown}
 r - a potion of heal wounds {unknown}
 s - a potion of curing
 t - a potion of flight {unknown}
 u - a potion of cancellation {unknown}
Comestibles
 d - a bread ration


   Skills:
 - Level 2.0 Fighting
 + Level 5.3 Slings
 + Level 4.2 Dodging
 - Level 1.3 Stealth


You had 4 spell levels left.
You didn't know any spells.

Dungeon Overview and Level Annotations

Branches:
Dungeon (4/15)
 Temple: D:4-7

Altars:
Dithmenos
Elyvilon
Gozag
Makhleb
Qazlal
Ru
Trog
Xom
Zin


Innate Abilities, Weirdness & Mutations

You cannot wear most types of armour.
You are amphibious.
You can wear up to eight rings at the same time.
You can use your tentacles to constrict eight enemies at once.
Your skin changes colour to match your surroundings (Stealth).
Your rubbery body absorbs attacks (AC +1).


Message History

There is a stone staircase leading down here.
Autopickup is now on.
You start resting.
You are feeling very hungry.
You start resting.
HP restored.
You climb downwards.
There is a stone staircase leading up here.
The phantom is too close now for your liking.
A phantom is nearby!
You closely miss the phantom.
The ogre shouts!
You hear a bark!
The phantom misses you. The phantom hits you!
You thump the phantom! You burn the phantom.
The phantom is moderately damaged.
You are near starving!
The phantom hits you! The ogre hits you with a giant club!!
Ouch! That really hurt!
You die...
Your body crumbles into a pile of gold.

...._.... .......
..... ... ## .
#.##.##.O#
###.#......#
#.....# ###
#W###...oS#
##<###@###.###...
#####<.....O.#.#
#
..........^^...#
#####....^_..#.#
##.#$..^.#.#
###$.......
....$.... $
#.#####...# #.
####


You could see a phantom and an ogre.

Vanquished Creatures
  Crazy Yiuf (D:2)
  A gnoll (D:1)
  3 adders
  An ooze (D:2)
  2 worms
  4 dart slugs
  A giant gecko (D:2)
  11 orcs
  4 ball pythons
  8 bats
  3 giant cockroaches
  4 goblins
  6 hobgoblins
  4 jackals (D:3)
  7 kobolds
  A quokka (D:3)
  3 giant newts
  6 rats
70 creatures vanquished.

Notes
Turn   | Place    | Note
--------------------------------------------------------------
     0 | D:1      | M4edhros the Octopode Hunter began the quest for the Orb.
     0 | D:1      | Reached XP level 1. HP: 14/14 MP: 1/1
   331 | D:1      | Reached XP level 2. HP: 19/19 MP: 2/2
   512 | D:1      | Reached XP level 3. HP: 24/24 MP: 3/3
   997 | D:2      | Found a burning altar of Makhleb.
  1238 | D:2      | Reached XP level 4. HP: 24/29 MP: 4/4
  1387 | D:2      | Found an opulent altar of Gozag.
  1619 | D:2      | Became a worshipper of Gozag Ym Sagoz the Greedy
  1682 | D:2      | Found a stormy altar of Qazlal.
  1689 | D:2      | Found a sacrificial altar of Ru.
  1695 | D:2      | Found a bloodstained altar of Trog.
  1805 | D:2      | Noticed Crazy Yiuf
  1817 | D:2      | Killed Crazy Yiuf
  1817 | D:2      | Reached skill level 5 in Slings
  2309 | D:3      | Reached XP level 5. HP: 24/34 MP: 5/5
  2574 | D:3      | Found a glowing silver altar of Zin.
  2590 | D:3      | Found a shadowy altar of Dithmenos.
  2834 | D:4      | Found a shimmering altar of Xom.
  2834 | D:4      | Noticed a phantom
  2851 | D:4      | Found a white marble altar of Elyvilon.
  2854 | D:4      | Noticed an ogre
  3080 | D:4      | Slain by an ogre

Vault maps used:
D:1:      lightli_arrival_statue_moat, moated_statue
D:2:      grunt_gozag_statues, overflow_temple_1_default,
          minmay_overflow_temple_star_quad, hangedman_decor_peaks_small,
          uniq_crazy_yiuf_cottage
D:3:      nicolae_overflow_hidden_temple, minmay_strange_pillars,
          grunt_dithmenos_smoke
D:4:      lemuel_round_altar, old_standard_altar, lemuel_round_altar,
          xom_teletrap_fun, first_bread

Skill      XL: |  1  2  3  4  5 |
---------------+----------------+-----
Dodging        | 3 4 |  4.2
Slings         | 5 |  5.3
Fighting       | |  2.0
Stealth        | |  1.3

Action                   |  1- 3 |  4- 6 || total
-------------------------+-------+-------++-------
Melee: Quarterstaff      |       |    56 ||    56
       Short sword       |       |     5 ||     5
 Fire: Hunting sling     |    90 |    26 ||   116
  Use: Potion            |       |     2 ||     2
 Stab: Sleeping          |       |     3 ||     3
       Paralysed         |       |     1 ||     1
  Eat: Meat ration       |       |     1 ||     1
